 Dungeon Crawl Stone Soup version 0.21.1-68-g103a7af (webtiles) character file.

17199 sbat the Grappler (level 12, -3/189 HPs)
             Began as a Troll Berserker on Aug 1, 2018.
             Was a High Priest of Trog.
             Slain by a killer bee (9 damage)
             ... on level 13 of the Dungeon.
             The game lasted 00:37:14 (9968 turns).

sbat the Grappler (Troll Berserker)                 Turns: 9968, Time: 00:37:14

Health: -3/189     AC:  6    Str: 37    XL:     12   Next: 16%
Magic:  11/11      EV: 10    Int: 11    God:    Trog [*****.]
Gold:   469        SH:  0    Dex:  9    Spells: 11/11 levels left

rFire    . . .     SeeInvis .     - Unarmed
rCold    . . .     Gourm    +   (no shield)
rNeg     . . .     Faith    +   a - +0 animal skin
rPois    .         Spirit   .   (helmet restricted)
rElec    .         Reflect  .   y - +0 cloak
rCorr    .         Harm     .   (gloves unavailable)
MR       .....                  (boots unavailable)
Stlth    ..........             S - amulet "Deachairchu" {Faith Int+8}
HPRegen  0.81/turn              (no ring)
MPRegen  0.12/turn              (no ring)

@: berserking, lethally poisoned (-3 -> -5), very quick
A: large, unfitting armour, claws 3, fast metabolism 3, gourmand, regeneration
1, shaggy fur 1, tough skin 2
a: Berserk, Trog's Hand, Brothers in Arms, Burn Spellbooks, Renounce Religion


You were on level 13 of the Dungeon.
You worshipped Trog.
Trog was extremely pleased with you.
You were full.

You visited 2 branches of the dungeon, and saw 14 of its levels.

You collected 739 gold pieces.
You spent 270 gold pieces at shops.

Inventory:

Hand Weapons
 x - a +1 morningstar of holy wrath
 B - a +0 arbalest
Missiles
 c - 6 large rocks (quivered)
 g - 256 stones
 s - 2 throwing nets
Armour
 a - a +0 animal skin (worn)
 y - a +0 cloak (worn)
Jewellery
 K - an uncursed ring of stealth {unknown}
 M - a cursed ring of ice {unknown}
 S - the amulet "Deachairchu" (around neck) {Faith Int+8}
   (You found it on level 12 of the Dungeon)

   [amulet of faith]

   It allows you to gain divine favour quickly.
   It affects your intelligence (+8).
Wands
 w - a wand of digging (5)
 J - a wand of disintegration (16)
 N - a wand of flame (20)
Scrolls
 d - 4 scrolls of amnesia {unknown}
 f - 3 scrolls of random uselessness {unknown}
 h - 2 scrolls of noise
 j - 3 scrolls of fog {unknown}
 k - 7 scrolls of identify
 l - 3 scrolls of magic mapping {unknown}
 o - a scroll of brand weapon {unknown}
 p - 4 scrolls of enchant armour {unknown}
 C - 3 scrolls of blinking {unknown}
 L - 2 scrolls of remove curse {unknown}
 P - a scroll of silence {unknown}
 Q - a scroll of enchant weapon {unknown}
Potions
 e - 2 potions of might {unknown}
 m - 2 potions of brilliance {unknown}
 n - a potion of agility {unknown}
 q - 4 potions of heal wounds {unknown}
 r - 5 potions of resistance {unknown}
 t - 2 potions of haste {unknown}
 v - 6 potions of curing {unknown}
 z - a potion of berserk rage {unknown}
 A - 2 potions of flight {unknown}
 F - a potion of mutation {unknown}
 G - 2 potions of degeneration {unknown}
 H - 3 potions of magic {unknown}
 I - a potion of cancellation {unknown}
 O - a potion of ambrosia {unknown}
Books
 D - a book of Air

   Spells                             Type                      Level
   a - Shock                          Conjuration/Air              1
   b - Swiftness                      Charms/Air                   2
   c - Static Discharge               Conjuration/Air              3
   d - Airstrike                      Air                          4
   e - Lightning Bolt                 Conjuration/Air              5
   Trog disapproves of the use of such an item.
 E - a book of Misfortune

   Spells                             Type                      Level
   a - Confusing Touch                Hexes                        1
   b - Confuse                        Hexes                        3
   c - Gell's Gravitas                Translocation                3
   d - Petrify                        Transmutation/Earth          4
   e - Metabolic Englaciation         Hexes/Ice                    5
   f - Yara's Violent Unravelling     Hexes/Transmutation          5
   Trog disapproves of the use of such an item.
Comestibles
 b - 22 rations
 i - 2 chunks of flesh


   Skills:
 - Level 10.0 Fighting
 + Level 9.4 Maces & Flails
 - Level 2.4 Dodging
 - Level 13.0 Unarmed Combat


You had 11 spell levels left.
You didn't know any spells.

Dungeon Overview and Level Annotations

Branches:
Dungeon (13/15)            Temple (1/1) D:4            Lair (0/6) D:9
    Orc (0/2) D:9
 Vaults: D:13-14

Altars:
Ashenzari
Cheibriados
Dithmenos
Elyvilon
Fedhas
Gozag
Hepliaklqana
Kikubaaqudgha
Makhleb
Nemelex Xobeh
Okawaru
Qazlal
Ru
Sif Muna
Trog
Uskayaw
Vehumet
Wu Jian
Xom
Yredelemnul
Zin
The Shining One
Beogh

Shops:
D:5 ?   D:7 [   D:8 %   D:9 }


Innate Abilities, Weirdness & Mutations

You are too large for most types of armour.
You have claws for hands.
Your metabolism is lightning-fast.
You like to eat raw meat.
Your natural rate of healing is unusually fast.
You are covered in fur. (AC +1)
You have very tough skin. (AC +2)


Message History

Unknown command.
You feel sick. The killer bee stings you!
* * * LOW HITPOINT WARNING * * *
The killer bee completely misses you.
Things that are here:
a vampire mosquito corpse; a killer bee corpse You miss the killer bee.
The killer bee closely misses you. The killer bee stings you.
* * * LOW HITPOINT WARNING * * *
The killer bee barely misses you.
Unknown command.
You closely miss the killer bee.
You feel sick. The killer bee stings you.
* * * LOW HITPOINT WARNING * * *
The killer bee stings you but does no damage.
Unknown command.
You mangle the killer bee!!
You kill the killer bee!
Trog accepts your kill.
You feel sick. The killer bee stings you!
You die...

....#.†.### ....#...#
#.##. ........# #....#
...#....# .....#
........†# .....#
.........####.....###
...........y#W...##.##
........##yu.# ##...##
...##...###@.# #.hy..#
........# #..# #yWy..#
......... ...# #ya...#
.......##...# ##...##
.......####.. ##.#l..
....... ... ##.y...
... ..$y. .... ... #


You could see a white ugly thing, a wraith and 2 killer bees.

Vanquished Creatures
  A hydra (D:13)
  The ghost of Shutra the Prestidigitator, a journeyman DsGl of Hepliaklqana (D:10)
  A tengu warrior (D:13)
  5 two-headed ogres
  An unseen horror (D:11)
  The ghost of lokyar the Bolt Thrower, a novice FoHu of Okawaru (D:6)
  4 ugly things
  2 manticores (D:11)
  A cyclops (D:10)
  A troll (D:9)
  A hippogriff (D:8)
  A spriggan (D:9)
  A shadow (D:13)
  A vampire (D:10)
  A wyvern (D:10)
  A hungry ghost (D:8)
  The ghost of zapotec the Grasshopper, an amateur GnWr (D:3)
  A vampire mosquito (D:13)
  Duvessa (D:4)
  A water moccasin (D:8)
  2 hell hounds (D:9)
  13 orc warriors
  An ice beast (D:10)
  7 sky beasts
  The ghost of raikaria the Twirler, an amateur DrGl of Ashenzari (D:4)
  5 phantoms
  3 centaurs
  5 ogres
  A big kobold (D:10)
  9 bullfrogs
  A gnoll sergeant (D:8)
  Dowan (D:4)
  A wyvern zombie (D:7)
  A scorpion (D:9)
  6 killer bees (D:13)
  3 electric eels (D:12)
  4 howler monkeys
  4 crimson imps
  3 bullfrog zombies
  A jelly (D:9)
  7 orc priests
  3 bullfrog skeletons
  4 centaur skeletons
  5 hounds
  8 orc wizards
  2 iguanas
  12 worker ants
  A killer bee zombie (D:8)
  A hound zombie (D:5)
  A hound skeleton (D:5)
  15 gnolls
  9 adders
  5 shadow imps
  An ooze (D:7)
  An adder zombie (D:5)
  3 adder skeletons
  5 worms
  5 dart slugs
  4 leopard geckos
  50 orcs
  9 giant cockroaches
  6 hobgoblins
  15 jackals
  8 quokkas
  5 bats
  3 frilled lizards
  6 goblins
  A jackal zombie (D:6)
  11 kobolds
  A leopard gecko zombie (D:7)
  A quokka skeleton (D:4)
  6 rats
314 creatures vanquished.

Notes
Turn   | Place    | Note
-------+----------+-------------------------------------------
     0 | D:1      | sbat the Troll Berserker began the quest for the Orb.
     0 | D:1      | Reached XP level 1. HP: 22/22 MP: 0/0
   206 | D:1      | Reached XP level 2. HP: 28/29 MP: 1/1
   746 | D:2      | Reached XP level 3. HP: 31/37 MP: 2/2
   879 | D:2      | Reached ** piety under Trog
   888 | D:2      | Found a shattered altar of Ashenzari.
   917 | D:2      | Reached skill level 4 in Unarmed Combat
  1026 | D:2      | Found a snail-covered altar of Cheibriados.
  1221 | D:2      | Reached XP level 4. HP: 45/45 MP: 3/3
  1277 | D:2      | Reached XP level 5. HP: 47/54 MP: 4/4
  1498 | D:3      | Reached skill level 5 in Unarmed Combat
  1526 | D:3      | Noticed zapotec's ghost (amateur GnWr)
  1533 | D:3      | Killed zapotec's ghost
  1533 | D:3      | Reached XP level 6. HP: 63/63 MP: 5/5
  1568 | D:3      | Reached *** piety under Trog
  2105 | D:4      | Noticed raikaria's ghost (amateur DrGl)
  2112 | D:4      | Noticed Duvessa
  2115 | D:4      | Killed raikaria's ghost
  2115 | D:4      | Reached skill level 5 in Fighting
  2115 | D:4      | Reached skill level 6 in Unarmed Combat
  2115 | D:4      | Reached XP level 7. HP: 72/72 MP: 6/6
  2120 | D:4      | Noticed Dowan
  2124 | D:4      | Killed Duvessa
  2286 | D:4      | Killed Dowan
  2445 | D:4      | Found a staircase to the Ecumenical Temple.
  2726 | D:4      | Reached skill level 7 in Unarmed Combat
  2788 | Temple   | Entered the Ecumenical Temple
  2847 | D:5      | Entered Level 5 of the Dungeon
  2874 | D:5      | Found Itaholag's Magic Scroll Shoppe.
  2908 | D:5      | Reached **** piety under Trog
  3033 | D:5      | Reached XP level 8. HP: 79/83 MP: 7/7
  3130 | D:5      | Reached skill level 1 in Maces & Flails
  3266 | D:5      | Found a deep blue altar of Sif Muna.
  3518 | D:6      | Noticed lokyar's ghost (novice FoHu)
  3534 | D:6      | Killed lokyar's ghost
  3534 | D:6      | Reached skill level 8 in Unarmed Combat
  3674 | D:6      | Found a shimmering altar of Xom.
  3675 | D:6      | Found an ancient bone altar of Kikubaaqudgha.
  3675 | D:6      | Found a burning altar of Makhleb.
  3675 | D:6      | Found a hazy altar of Hepliaklqana.
  3821 | D:6      | Found a white marble altar of Elyvilon.
  4066 | D:7      | Reached XP level 9. HP: 93/93 MP: 8/8
  4086 | D:7      | Found Limnyar's Antique Armour Shop.
  4253 | D:7      | Found a hide-covered altar of Uskayaw.
  4737 | D:7      | Reached skill level 9 in Unarmed Combat
  4901 | D:8      | Reached ***** piety under Trog
  5003 | D:8      | Noticed a two-headed ogre
  5007 | D:8      | Killed a two-headed ogre
  5089 | D:8      | Reached skill level 10 in Unarmed Combat
  5431 | D:8      | Reached XP level 10. HP: 89/106 MP: 9/9
  5542 | D:8      | Found Hoeph's Food Boutique.
  5619 | D:7      | Bought a shimmering hat for 270 gold pieces
  5619 | D:7      | Identified the cursed -6 hat "Huximiel" {*Corrode Int+8 Slay-6} (You bought it in a shop on level 7 of the Dungeon)
  5659 | D:9      | Found a glowing silver altar of Zin.
  5780 | D:9      | Found a staircase to the Orcish Mines.
  5793 | D:10     | Entered Level 10 of the Dungeon
  5797 | D:10     | Noticed a two-headed ogre
  5919 | D:10     | Noticed a cyclops
  5937 | D:10     | Killed a cyclops
  6027 | D:10     | Noticed Shutra's ghost (journeyman DsGl)
  6044 | D:10     | Killed Shutra's ghost
  6044 | D:10     | Reached skill level 11 in Unarmed Combat
  6114 | D:9      | Found a staircase to the Lair.
  6276 | D:9      | Found a roughly hewn altar of Beogh.
  6343 | D:9      | Received a gift from Trog
  6367 | D:9      | Found Raiv's Gadget Shop.
  6401 | D:9      | Reached skill level 10 in Fighting
  6738 | D:10     | Reached XP level 11. HP: 108/117 MP: 10/10
  7091 | D:10     | Killed a two-headed ogre
  7091 | D:10     | Reached skill level 12 in Unarmed Combat
  7297 | D:11     | Noticed a red ugly thing
  7309 | D:11     | Killed a red ugly thing
  7780 | D:11     | Reached skill level 5 in Maces & Flails
  7833 | D:11     | Noticed a cyan ugly thing
  7851 | D:11     | Killed a cyan ugly thing
  8051 | D:11     | Noticed a brown ugly thing
  8076 | D:11     | Killed a brown ugly thing
  8168 | D:11     | Killed an unseen horror
  8446 | D:12     | Noticed a two-headed ogre
  8450 | D:12     | Killed a two-headed ogre
  8471 | D:12     | Noticed a red ugly thing
  8479 | D:12     | Killed a red ugly thing
  8479 | D:12     | Reached skill level 13 in Unarmed Combat
  8775 | D:12     | Got a steaming zirconium amulet
  8791 | D:12     | Identified the amulet "Deachairchu" {Faith Int+8} (You found it on level 12 of the Dungeon)
  9002 | D:12     | Received a gift from Trog
  9009 | D:12     | Found a roughly hewn altar of Beogh.
  9147 | D:13     | Noticed a four-headed hydra
  9153 | D:13     | Noticed a white ugly thing
  9159 | D:13     | Killed an eight-headed hydra
  9420 | D:12     | HP: 5/117 [orc warrior/war axe (3)]
  9705 | D:13     | Noticed a tengu warrior
  9713 | D:13     | Killed a tengu warrior
  9713 | D:13     | Reached XP level 12. HP: 101/126 MP: 11/11
  9740 | D:13     | Noticed a five-headed hydra
  9759 | D:13     | Noticed a two-headed ogre
  9767 | D:13     | Killed a two-headed ogre
  9930 | D:13     | Noticed a two-headed ogre
  9933 | D:13     | Killed a two-headed ogre
  9967 | D:13     | HP: 7/189 [killer bee (5)]
  9968 | D:13     | Slain by a killer bee

Skill      XL: |  1  2  3  4  5  6  7  8  9 10 11 12 |
---------------+-------------------------------------+-----
Fighting       | 3 4 5 6 7 8 10 | 10.0
Unarmed Combat | 4 5 6 7 8 10 11 13 | 13.0
Maces & Flails | 3 8 9 |  9.4
Dodging        | |  2.4

Action                   |  1- 3 |  4- 6 |  7- 9 | 10-12 || total
-------------------------+-------+-------+-------+-------++-------
Melee: Unarmed           |    87 |   115 |   236 |   398 ||   836
       Punch             |       |       |     9 |    20 ||    29
Throw: Large rock        |       |       |       |     2 ||     2
Invok: Berserk           |       |     2 |     6 |    15 ||    23
       Burn Spellbooks   |       |       |     1 |       ||     1
  Use: Scroll            |       |       |     2 |     6 ||     8
  Eat: Chunk             |    16 |    10 |    40 |    60 ||   126
Armor: Animal skin       |    34 |    46 |    76 |    73 ||   229
Dodge: Dodged            |    43 |    56 |    93 |   188 ||   380
